Map: [ESL] Solaris

Players

MaxPax

  • Race: Protoss Protoss
  • Spawn Location: 1:00

Clem - Winner!

  • Race: Terran Terran
  • Spawn Location: 7:00

Event: ESL SC2 Masters 2023 Winter (Regional)

VOD

Have the link to the VOD?

Description

Time

  • Played on: Nov. 18, 2023, 8:28 a.m.
  • Length: 9:18

All games in this series

Show
View Real Time Build Order
Export as new Build Order

MaxPax Protoss 

Build Orders: Blink Stalkers 

Get SALT Encoding   

  12  0:00  Probe  
  13  0:12  Probe  
  14  0:17  Pylon  
  14  0:24  Probe  
  15  0:35  Gateway  
  15  0:39  Probe (Chrono Boost)  
  16  0:49  Probe (Chrono Boost)  
  17  0:50  Assimilator  
  17  0:53  Probe (Chrono Boost)  
  18  1:05  Probe  
  19  1:17  Probe  
  20  1:23  Zealot  
  22  1:25  Cybernetics Core  
  22  1:36  Pylon  
  21  1:47  Nexus  
  21  1:50  Probe  
  22  1:57  Assimilator  
  22  1:59  Adept (Chrono Boost)  
  22  2:05  Probe  
  25  2:09  Warp Gate  
  25  2:17  Probe  
  25  2:19  Adept (Chrono Boost)  
  28  2:29  Probe  
  29  2:35  Twilight Council  
  29  2:41  Probe  
  30  2:57  Probe (Chrono Boost)  
  29  2:58  Stalker  
  29  2:59  Probe (Chrono Boost)  
  32  3:07  Gateway  
  32  3:08  Probe (Chrono Boost)  
  32  3:09  Probe (Chrono Boost)  
  32  3:11  Blink (Chrono Boost)  
  34  3:13  Probe (Chrono Boost)  
  34  3:19  Probe  
  36  3:25  Probe  
  37  3:31  Probe  
  37  3:37  Probe  
  37  3:40  Robotics Facility  
  38  3:43  Probe  
  37  3:49  Probe  
  37  3:51  Gateway  
  38  3:56  Probe  
  38  3:58  Pylon  
  38  4:01  Probe  
  40  4:03  Stalker x2  
  40  4:08  Probe  
  45  4:12  Pylon  
  45  4:13  Probe  
  46  4:20  Probe  
  46  4:24  Warp Prism (Chrono Boost)  
  47  4:29  Probe  
  50  4:35  Stalker x2  
  54  4:41  Assimilator  
  54  4:46  Stalker  
  55  5:00  Probe  
  55  5:06  Probe  
  56  5:07  Stalker x2  
  56  5:08  Observer  
  61  5:18  Pylon  
  61  5:23  Probe  
  62  5:33  Nexus  
  62  5:36  Probe x2  
  62  5:41  Stalker x3  
  68  5:48  Observer, Probe  
  70  5:50  Shield Battery  
  70  5:53  Observer  
  70  5:56  Pylon x2  
  70  6:06  Observer  
  70  6:14  Probe x2  
  72  6:21  Charge (Chrono Boost)  
  72  6:23  Gateway  
  72  6:25  Gateway  
  72  6:26  Gateway, Probe x2  
  72  6:30  Sentry x2  
  72  6:31  Observer  
  78  6:36  Gateway, Forge  
  78  6:38  Observer, Gateway  
  78  6:39  Probe x2 (Chrono Boost)  
  80  6:45  Probe (Chrono Boost)  
  81  6:48  Immortal (Chrono Boost)  
  81  6:51  Probe (Chrono Boost)  
  81  6:52  Observer  
  81  6:53  Probe (Chrono Boost)  
  87  6:55  Probe (Chrono Boost)  
  87  6:56  Probe (Chrono Boost)  
  87  6:58  Probe (Chrono Boost)  
  87  7:00  Probe  
  90  7:04  Stalker x2  
  90  7:05  Probe  
  96  7:10  Robotics Bay  
  96  7:14  Pylon, Probe x2  
  98  7:17  Probe  
  98  7:22  Observer  
  99  7:32  Observer  
  99  7:36  Zealot x5  
  109  7:40  Pylon x2  
  109  7:53  Nexus  
  109  7:54  Pylon  
  109  7:58  Shield Battery  
  109  8:00  Disruptor (Chrono Boost)  
  113  8:06  Zealot x6  
  124  8:22  Probe  
  124  8:23  Probe  
  124  8:24  Shield Battery, Probe  
  124  8:25  Zealot x2  
  124  8:26  Zealot  
  133  8:32  Pylon  
  133  8:33  Disruptor (Chrono Boost)  
  121  8:50  Zealot x6  
  130  8:57  Zealot x2  
  116  9:09  Pylon  
  86  9:11  Zealot x5  
Show
View Real Time Build Order
Export as new Build Order

Clem Terran - Winner!

Build Orders: Reaper Expand 

Get SALT Encoding   

  12  0:00  SCV  
  13  0:12  SCV  
  14  0:16  Supply Depot  
  14  0:24  SCV  
  15  0:38  SCV  
  15  0:40  Barracks  
  16  0:43  Refinery  
  16  0:50  SCV  
  17  1:02  SCV  
  18  1:14  SCV  
  19  1:29  Orbital Command, Reaper  
  20  1:45  Command Center  
  20  1:52  Supply Depot  
  20  1:55  SCV  
  20  2:01  Marine  
  21  2:07  SCV  
  23  2:12  Factory  
  23  2:18  Bunker  
  23  2:19  Marine  
  23  2:22  SCV  
  25  2:28  Refinery  
  25  2:34  SCV  
  26  2:42  Barracks Reactor  
  26  2:46  SCV  
  26  2:56  Orbital Command  
  26  2:58  Hellion, SCV  
  28  2:59  Starport  
  28  3:10  SCV  
  28  3:12  Supply Depot  
  29  3:17  Marine x2  
  29  3:19  Widow Mine  
  33  3:22  SCV  
  33  3:23  SCV  
  35  3:34  SCV  
  35  3:35  Marine x2, SCV  
  35  3:40  Medivac  
  41  3:43  Widow Mine  
  41  3:46  SCV  
  41  3:47  SCV  
  43  3:52  Barracks  
  43  3:56  Supply Depot  
  43  3:58  Marine  
  43  3:59  SCV  
  43  4:00  Marine  
  43  4:02  SCV  
  46  4:05  Factory Tech Lab  
  46  4:11  Starport Tech Lab, SCV  
  46  4:14  SCV  
  46  4:16  Marine  
  49  4:17  Marine  
  49  4:23  Siege Tank, SCV  
  54  4:25  Supply Depot  
  54  4:26  SCV  
  55  4:32  Raven  
  55  4:35  SCV  
  55  4:36  Marine x2  
  60  4:39  Supply Depot, SCV  
  60  4:43  Marine  
  62  4:47  SCV  
  62  4:48  Barracks  
  62  4:51  SCV, Refinery  
  62  4:53  Marine  
  62  4:54  Marine  
  62  4:59  SCV  
  65  5:02  Siege Tank  
  65  5:03  SCV  
  65  5:04  Supply Depot  
  67  5:11  Marine, SCV  
  67  5:12  Marine  
  72  5:14  Bunker, Marauder  
  72  5:15  SCV  
  72  5:18  Refinery  
  72  5:19  Stimpack  
  73  5:23  SCV  
  73  5:27  SCV  
  75  5:29  Marine x2  
  75  5:30  Supply Depot  
  75  5:35  SCV  
  75  5:37  Engineering Bay  
  75  5:39  SCV  
  75  5:40  Siege Tank  
  79  5:44  Marauder  
  79  5:47  SCV  
  79  5:48  Marine x2  
  84  5:51  SCV  
  84  5:52  Supply Depot  
  84  5:56  Starport Reactor  
  85  6:00  Supply Depot  
  85  6:05  Marauder  
  85  6:06  Marine  
  85  6:07  Terran Infantry Weapons Level 1  
  89  6:20  Combat Shield, Factory Reactor  
  89  6:21  Marauder  
  89  6:23  Supply Depot  
  89  6:24  Barracks Reactor  
  89  6:26  Marauder  
  89  6:29  Command Center  
  91  6:33  Medivac  
  91  6:37  Medivac, Supply Depot  
  95  6:43  Barracks  
  95  6:45  Barracks, SCV x2  
  97  6:50  Marauder  
  97  6:52  Marauder  
  101  6:57  Widow Mine x2, SCV  
  106  7:02  Marine  
  106  7:03  Concussive Shells, Marine  
  106  7:08  Medivac  
  110  7:11  Marauder  
  110  7:13  Marauder  
  114  7:16  Medivac  
  114  7:19  Widow Mine  
  114  7:21  Supply Depot  
  114  7:22  Marine x2  
  119  7:23  Widow Mine  
  119  7:27  SCV  
  119  7:29  SCV  
  121  7:33  Barracks Reactor, Marauder  
  121  7:34  Barracks Tech Lab, Marauder  
  124  7:38  Supply Depot  
  124  7:41  Orbital Command  
  124  7:43  Marine  
  124  7:44  Marine  
  126  7:47  Widow Mine  
  126  7:48  Widow Mine  
  126  7:51  Medivac  
  130  7:54  Marauder x2  
  130  7:57  Supply Depot  
  130  7:58  Medivac  
  136  8:03  Marine x2  
  136  8:05  Marauder  
  140  8:08  Widow Mine  
  140  8:10  Marine  
  140  8:11  Supply Depot, Marine  
  144  8:16  Marauder  
  146  8:20  Widow Mine  
  146  8:21  Viking  
  146  8:23  Orbital Command  
  146  8:25  Marine  
  149  8:28  Viking  
  149  8:30  Marine  
  149  8:33  Marauder x2  
  156  8:34  Marine  
  156  8:38  Marine  
  156  8:40  Supply Depot  
  158  8:42  Orbital Command  
  158  8:43  Marauder  
  158  8:44  Marine  
  155  8:49  Marine  
  155  8:54  Marauder, Marine, Widow Mine x2  
  163  8:56  Marauder  
  163  8:59  Marine  
Tags
 
Add a new tag
Caveats
  • Supply blocks, unpowered buildings, or Contaminate may cause inaccurate times.
  • Supply counts are checked every 10 seconds.